 Dungeon Crawl Stone Soup version 0.28-a0-906-g0406aca7d3 (webtiles) character file.

Game seed: 14150177915186831214

406 frimble the Grasshopper (level 6, -2/61 HPs)
             Began as a Troll Warper on Nov 24, 2021.
             Slain by a wyvern (12 damage)
             ... on level 3 of the Dungeon.
             The game lasted 00:02:29 (2345 turns).

frimble the Grasshopper (Troll Warper)              Turns: 2345, Time: 00:02:29

Health: -2/61      AC:  5    Str: 20    XL:     6   Next: 56%
Magic:  6/6        EV: 13    Int: 11    God:
Gold:   80         SH:  0    Dex:  9    Spells: 7/7 levels left

rFire   . . .      SeeInvis +   j - +0 demon trident (vamp)
rCold   . . .      Faith    .   (no shield)
rNeg    . . .      Spirit   .   a - +1 robe
rPois   .          Reflect  .   (helmet restricted)
rElec   .          Harm     .   (no cloak)
rCorr   .          Rampage  .   (gloves unavailable)
Will    .....                   (boots unavailable)
Stlth   +.........              (no amulet)
HPRegen 1.20/turn               f - ring "Liraraom" {EV+4 SInv}
MPRegen 0.10/turn               (no ring)

@: no status effects
A: large, unfitting armour, claws 3, regeneration 1, shaggy fur 1, tough skin 1
a: no special abilities


You were on level 3 of the Dungeon.
You visited 1 branch of the dungeon, and saw 4 of its levels.

You collected 80 gold pieces.

Inventory:

Hand Weapons
 j - a +0 vampiric demon trident (weapon)
Missiles
 c - 3 boomerangs of dispersal (quivered)
 l - 6 boomerangs
Armour
 a - a +1 robe (worn)
Jewellery
 f - the ring "Liraraom" (left claw) {EV+4 SInv}
   (You acquired it on level 2 of the Dungeon)

   [ring of evasion]

   EV:        It affects your evasion (+4).
   SInv:      It lets you see invisible.
 o - a +4 ring of evasion
Wands
 m - a wand of iceblast (10)
Scrolls
 b - a scroll of blinking
 h - a scroll of noise
 p - 2 scrolls of identify
Potions
 d - 2 potions of attraction {unknown}
 e - a potion of lignification {unknown}
 g - a potion of magic {unknown}
 i - 2 potions of flight {unknown}
 k - a potion of brilliance {unknown}
 n - a potion of curing {unknown}


   Skills:
 + Level 3.3 Fighting
 + Level 2.5 Polearms
 - Level 2.4 Throwing
 - Level 1.9 Dodging
 - Level 2.3 Unarmed Combat
 - Level 1.2 Spellcasting
 + Level 3.5 Translocations


You had 7 spell levels left.
You didn't know any spells.
Your spell library contained the following spells:

 Spells                   Type           Power      Damage    Failure   Level
 Blink                    Tloc           16%        N/A       12%         2
 Gell's Gravitas          Tloc           8%         N/A       22%         3
 Lesser Beckoning         Tloc           8%         N/A       22%         3
 Teleport Other           Tloc           8%         N/A       22%         3
 Magic Dart               Conj           0%         1d3       32%         1
 Call Imp                 Summ           0%         N/A       43%         2
 Mephitic Cloud           Conj/Pois/Air  0%         N/A       67%         3
 Manifold Assault         Tloc           8%         N/A       91%         5


Dungeon Overview and Level Annotations

Branches:
Dungeon (4/15)
 Temple: D:4-7

Altars:
Okawaru
Qazlal

Annotations:
D:3 2 runed translucent doors


Innate Abilities, Weirdness & Mutations

You are too large for most types of armour.
You have claws for hands.
Your natural rate of healing is unusually fast.
You are covered in fur. (AC +1)
You have tough skin. (AC +1)


Message History

The wyvern closely misses you. The wyvern misses you.
You hit the wyvern.
The wyvern is lightly wounded.
The wyvern bites you.
You puncture the wyvern!
The wyvern is severely wounded.
The wyvern barely misses you. x2
You barely miss the wyvern.
The wyvern is severely wounded.
The wyvern closely misses you. The wyvern bites you.
You barely miss the wyvern.
The wyvern is severely wounded.
The wyvern bites you!! The wyvern bites you!
You barely miss the wyvern.
The wyvern is severely wounded.
The wyvern closely misses you.
You don't know any spells.
Unknown command.
You don't know any spells.
Unknown command.
Unknown command.
Throw: 5 boomerangs (disperse)
Press: ? - help, Q - select action, (/) - cycle Shift-Dir - straight line, f - wyvern
Aim: a wyvern (severely wounded, 56% to hit)
You throw a boomerang of dispersal.
The boomerang of dispersal closely misses the wyvern.
The wyvern bites you!
* * * LOW HITPOINT WARNING * * *
The wyvern barely misses you.
Throw: 4 boomerangs (disperse)
Press: ? - help, Q - select action, (/) - cycle Shift-Dir - straight line, f/p - wyvern
Aim: a wyvern (severely wounded, 56% to hit)
You throw a boomerang of dispersal.
The boomerang of dispersal barely misses the wyvern.
The wyvern barely misses you. The wyvern misses you.
You puncture the wyvern!
The wyvern is almost dead.
The wyvern bites you!
You die...

#.##.#≈♣#♣≈♣♣≈# #.#.####.
#.#..'P♣ #♣≈≈## #.#......
#.#..##≈P♣##'#####.#.####. #.#..#
####....##..#.#[.#. #.<.##
##.####..#.#..'. #..##
#.###...#.#+##. ##### #..#
#.##..###...... ....## #..#
#####.##.## #.#'##. .....###..#
#.@##..#.# #.#..#. ......##..#
#.l###...# #.#..+. .##...##..#
#...###..## #.####. .#....##..#
#.>...#...# #...... ...#..##..#
###.#...#.###.####. ..##..##..#
#.#..##...#.#..#.
_.....##..#######....####.#.#..'.
..##...........###.).####.#.#'##.
...#.###..####............#......


You could see a wyvern.

Vanquished Creatures
  A black bear (D:2)
  A phantom (D:3)
  A water moccasin skeleton (D:3)
  2 orc priests
  An iguana (D:3)
  An orc wizard (D:3)
  3 adders
  6 orcs
  2 ball pythons
  3 bats
  7 endoplasms
  8 giant cockroaches
  2 goblins (D:3)
  3 hobgoblins
  2 quokkas
  5 frilled lizards
  7 kobolds
  4 rats
59 creatures vanquished.

Vanquished Creatures (others)
  A plant (D:3)
1 creature vanquished.

Grand Total: 60 creatures vanquished

Notes
Turn   | Place    | Note
-------+----------+-------------------------------------------
     0 | D:1      | frimble the Troll Warper began the quest for the Orb.
     0 | D:1      | Reached XP level 1. HP: 19/19 MP: 1/1
    85 | D:1      | Reached skill level 1 in Throwing
   228 | D:1      | Reached XP level 2. HP: 28/28 MP: 2/2
   900 | D:2      | Noticed a black bear
   916 | D:2      | Killed a black bear
   917 | D:2      | Reached skill level 1 in Polearms
   917 | D:2      | Reached XP level 3. HP: 25/36 MP: 3/3
   917 | D:2      | Reached XP level 4. HP: 31/44 MP: 4/4
   962 | D:2      | Reached XP level 5. HP: 50/50 MP: 5/5
  1517 | D:2      | Identified a scroll of acquirement
  1518 | D:2      | Acquired the ring "Liraraom" {EV+4 SInv}
  1557 | D:3      | Found an iron altar of Okawaru.
  1682 | D:3      | Found a stormy altar of Qazlal.
  1809 | D:3      | Noticed a phantom
  1812 | D:3      | Killed a phantom
  1813 | D:3      | Reached XP level 6. HP: 61/61 MP: 6/6
  1898 | D:3      | Found a large runed translucent door.
  1899 | D:3      | Found a large runed translucent door.
  2327 | D:4      | Noticed a wyvern
  2345 | D:3      | Slain by a wyvern

Illustrated notes

Levels and vault maps discovered:
D:1:      enne_arrival_octagon_isle, layout_loops_corners
D:2:      layout_loops_cross
D:3:      minmay_door_path, layout_rooms, mainiacjoe_overflow_small_starburst,
          nicolae_qazlal_scattered_showers, jmf_multi_god_temple2,
          saegor_snake_ambush
D:4:      layout_basic, nzn_overflow_gifts_of_might_and_magic, zin_statuary,
          general_overflow_altar, minmay_temple_entry_ruins

Skill      XL: |  1  2  3  4  5 |
---------------+----------------+-----
Throwing       | 1 2 |  2.4
Fighting       | 2 3 |  3.3
Polearms       | 1 2 |  2.5
Translocations | 3 |  3.5
Dodging        | |  1.9
Unarmed Combat | |  2.3
Spellcasting   | |  1.2

Action                   |  1- 3 |  4- 6 || total
-------------------------+-------+-------++-------
Melee: Unarmed           |    45 |       ||    45
       Demon trident     |     6 |   156 ||   162
       Punch             |       |     2 ||     2
Throw: Boomerang         |       |     2 ||     2
  Use: Scroll            |       |     5 ||     5
 Stab: Sleeping          |       |     2 ||     2
Armor: Robe              |    13 |    52 ||    65
Dodge: Dodged            |    25 |    87 ||   112

Table legend: (Time is in decaauts)
 A = Elapsed time spent in this place.
 B = Non-inter-level travel time spent in this place.
 C = Inter-level travel time spent in this place.
 D = Time resting spent in this place.
 E = Time spent auto-exploring this place.
 F = Levels seen in this place.
 G = Mean time per level.
                   A        B        C        D        E       F      G
               +--------+--------+--------+--------+--------+-----+--------+
         Total |   2401 |   2274 |    127 |      3 |   1843 |   4 |  600.2 |
       Dungeon |   2401 |   2274 |    127 |      3 |   1843 |   4 |  600.2 |
               +--------+--------+--------+--------+--------+-----+--------+

Top non-repeatable levels by time:
     D:1: 853 daAuts
     D:3: 839 daAuts
     D:2: 702 daAuts
     D:4: 5 daAuts
